[Event "November 21 Early 2023"]
[Site "https://www.chess.com"]
[Date "2023.11.21"]
[Round "5"]
[White "Sharafiev, Azat"]
[Black "Manukian, Artak"]
[Result "0-1"]
[Board "146"]
[TimeControl "180+1"]
[WhiteFideId "4186214"]
[BlackFideId "13301373"]
[WhiteElo "2306"]
[BlackElo "2030"]
[WhiteTeam "RUS"]
[BlackTeam "ARM"]
[WhiteClock "0:00:16"]
[BlackClock "0:00:12"]

1. e4 c6 2. d4 d5 3. exd5 cxd5 4. Bd3 Nc6 5. c3 e5 6. dxe5 Nxe5 7. Nf3 Nxd3+ 8. Qxd3 Nf6 9. O-O Be7 10. Bf4 O-O 11. Nbd2 h6 12. h3 Be6 13. Nb3 Qd7 14. Ne5 Qa4 15. Nd4 Ne4 16. Rfe1 Rfe8 17. f3 Nc5 18. Qd2 Bf6 19. Re2 Rad8 20. a3 Bc8 21. Rae1 Ne6 22. Nxe6 Bxe6 23. Bg3 d4 24. Qf4 b5 25. Nc6 Rd7 26. Nxd4 Bxd4+ 27. cxd4 Rxd4 28. Qc7 Rd1 29. Kh2 Rxe1 30. Rxe1 h5 31. h4 Rc8 32. Qe5 Qc2 33. Re2 Qf5 34. Qe3 a5 35. Qd2 a4 36. Re5 Qc2 37. Qd4 Qc4 38. Qe3 Qc1 39. Rxb5 Qxe3 40. Rxh5 g6 41. Rg5 Rc2 42. Rb5 Qxf3 43. Rb8+ Kh7 0-1

[Event "November 21 Early 2023"]
[Site "https://www.chess.com"]
[Date "2023.11.21"]
[Round "5"]
[White "JuniorJumper"]
[Black "Zaksaite, Salomeja"]
[Result "0-1"]
[Board "147"]
[TimeControl "180+1"]
[BlackFideId "12801496"]
[WhiteElo "2555"]
[BlackElo "2065"]
[BlackTeam "LTU"]
[WhiteClock "0:00:01"]
[BlackClock "0:00:15"]

1. b3 e5 2. Bb2 d6 3. e3 Nf6 4. d4 exd4 5. exd4 Be7 6. d5 O-O 7. Nf3 c6 8. Nc3 cxd5 9. Nxd5 Nxd5 10. Qxd5 Nc6 11. O-O-O Be6 12. Qd2 a5 13. Nd4 Nxd4 14. Qxd4 Bf6 15. Qxd6 Bxb2+ 16. Kxb2 Qg5 17. Qd2 Qe7 18. a4 Rfd8 19. Bd3 b5 20. axb5 a4 21. Ra1 axb3 22. Rxa8 Rxa8 23. cxb3 Qa3+ 24. Kc3 Qxb3+ 25. Kd4 Qd5+ 26. Ke3 Qe5+ 27. Be4 f5 28. f3 fxe4 29. f4 Ra3+ 30. Ke2 Qxb5+ 31. Kf2 e3+ 32. Qxe3 Rxe3 33. Kxe3 Qd5 34. Rg1 Kf7 35. Kf2 Bf5 36. Re1 Qd2+ 37. Re2 Qd4+ 38. Kg3 Qd3+ 39. Kf2 Kf6 40. Re3 Qd2+ 41. Kf3 Bg4+ 42. Ke4 Qxg2+ 43. Kd4 Qxh2 44. Re4 Qd2+ 45. Kc5 Bf5 46. Rd4 Qe3 47. Kc4 Be6+ 48. Kc5 Kf5 49. Kd6 Qxd4+ 50. Ke7 Qd7+ 51. Kf8 Qf7# 0-1

[Event "November 21 Early 2023"]
[Site "https://www.chess.com"]
[Date "2023.11.21"]
[Round "5"]
[White "Skurikhin, Dmitrij"]
[Black "Jovic, Stanoje"]
[Result "0-1"]
[Board "148"]
[TimeControl "180+1"]
[WhiteFideId "4161297"]
[BlackFideId "905020"]
[WhiteElo "2197"]
[BlackElo "2249"]
[WhiteTeam "RUS"]
[BlackTeam "SRB"]
[WhiteClock "0:00:00"]
[BlackClock "0:00:40"]

1. d4 Nf6 2. Nf3 e6 3. c4 d5 4. Nc3 Bb4 5. Bg5 O-O 6. e3 h6 7. Bxf6 Qxf6 8. a3 Bxc3+ 9. bxc3 c5 10. cxd5 exd5 11. Be2 Nc6 12. O-O Bg4 13. a4 Rac8 14. a5 Rc7 15. Qb3 Rd8 16. Rfc1 g5 17. Qa3 c4 18. Qa2 Qd6 19. Ne1 Bxe2 20. Qxe2 Kg7 21. Rcb1 f5 22. Qf3 Rf7 23. Rb5 a6 24. Rb6 Re8 25. Nc2 f4 26. Qg4 Qg6 27. Nb4 fxe3 28. fxe3 Re4 29. Qg3 Qe6 30. Nxc6 bxc6 31. Re1 Rg4 32. Qh3 Qf5 33. Rb2 Kg6 34. Rbe2 h5 35. Rd2 Qe4 36. Rde2 Qd3 0-1

[Event "November 21 Early 2023"]
[Site "https://www.chess.com"]
[Date "2023.11.21"]
[Round "5"]
[White "Mejia, Cherry Ann"]
[Black "Pinheiro, Iung Alicio de O."]
[Result "1-0"]
[Board "149"]
[TimeControl "180+1"]
[WhiteFideId "5206880"]
[BlackFideId "2104350"]
[WhiteElo "2009"]
[BlackElo "2283"]
[WhiteTeam "PHI"]
[BlackTeam "BRA"]
[WhiteClock "0:02:05"]
[BlackClock "0:00:15"]

1. e4 c5 2. Nc3 a6 3. g3 b5 4. Bg2 Bb7 5. Nge2 e6 6. O-O Nc6 7. d3 Be7 8. Be3 Nf6 9. h3 d6 10. Qd2 Nd7 11. f4 Bf6 12. g4 h6 13. Kh2 Qc7 14. d4 cxd4 15. Nxd4 Na5 16. Ndxb5 axb5 17. Nxb5 Qb8 18. Nxd6+ Kf8 19. Nxb7 Qxb7 20. e5 Qc7 21. Bxa8 Be7 22. Rad1 Nb6 23. Qxa5 1-0

[Event "November 21 Early 2023"]
[Site "https://www.chess.com"]
[Date "2023.11.21"]
[Round "5"]
[White "Andriasian, Zaven"]
[Black "Koridze, Lile"]
[Result "1-0"]
[Board "150"]
[TimeControl "180+1"]
[WhiteFideId "13302000"]
[BlackFideId "13612514"]
[WhiteElo "2624"]
[BlackElo "2061"]
[WhiteTeam "ARM"]
[BlackTeam "GEO"]
[WhiteClock "0:01:47"]
[BlackClock "0:01:04"]

1. e4 c5 2. Nc3 d6 3. f4 a6 4. Nf3 Nf6 5. d4 cxd4 6. Nxd4 g6 7. e5 dxe5 8. fxe5 Nd5 9. Bc4 Nxc3 10. bxc3 Qc7 11. Bxf7+ Kxf7 12. Qf3+ Ke8 13. O-O Qc4 14. Rb1 Bg7 15. Rxb7 Rf8 16. Rxe7+ Kxe7 17. Ba3+ Ke8 18. Bxf8 Ra7 19. Bxg7 1-0

[Event "November 21 Early 2023"]
[Site "https://www.chess.com"]
[Date "2023.11.21"]
[Round "5"]
[White "Zivic, Dragan"]
[Black "Fiedorek, Michal"]
[Result "0-1"]
[Board "151"]
[TimeControl "180+1"]
[WhiteFideId "904740"]
[BlackFideId "1199528"]
[WhiteElo "2073"]
[BlackElo "2135"]
[WhiteTeam "SRB"]
[BlackTeam "POL"]
[WhiteClock "0:00:15"]
[BlackClock "0:00:43"]

1. c4 Nf6 2. Nc3 g6 3. d4 Bg7 4. e4 d6 5. h3 O-O 6. Be3 e5 7. d5 a5 8. g4 Na6 9. Nge2 Nc5 10. Ng3 c6 11. dxc6 bxc6 12. Be2 a4 13. h4 Qb6 14. Rb1 Ne8 15. h5 Qa5 16. Qd2 Ne6 17. Bh6 Nf4 18. Bxg7 Nxg7 19. Qxd6 Nge6 20. Qe7 Ra7 21. Qf6 Qd8 22. Qxe5 f6 23. Qb8 Rb7 24. Qa8 Qd4 25. Rd1 Qe5 26. Nxa4 Nd4 27. Nc3 Rxb2 28. Qa3 Nc2+ 0-1

[Event "November 21 Early 2023"]
[Site "https://www.chess.com"]
[Date "2023.11.21"]
[Round "5"]
[White "Silvestre, Christian"]
[Black "vishwa_vijeta"]
[Result "1-0"]
[Board "152"]
[TimeControl "180+1"]
[WhiteFideId "30956269"]
[WhiteElo "2337"]
[BlackElo "2524"]
[WhiteTeam "USA"]
[WhiteClock "0:00:57"]
[BlackClock "0:00:06"]

1. Nf3 c5 2. g3 Nc6 3. Bg2 e5 4. d3 d5 5. O-O Nf6 6. e4 d4 7. Nbd2 h6 8. a3 Be6 9. h3 Be7 10. Qe2 O-O 11. Nh4 Qd7 12. Kh2 b5 13. Nf5 Bd8 14. g4 Bc7 15. Nf3 c4 16. g5 hxg5 17. Nxg5 Bxf5 18. exf5 e4+ 19. Kh1 Qd6 20. f4 exf3 21. Bxf3 Rae8 22. Qg2 Ne5 23. Bf4 Qc5 24. Ne4 Nxe4 25. Bxe4 Nd7 26. Bh6 Be5 27. f6 g6 28. Bxg6 Bxf6 29. Bf5+ Kh8 30. Bxd7 Rg8 31. Qf3 Re3 32. Qxf6+ Kh7 33. Bf5+ Rg6 34. Qxf7+ Kxh6 35. Qxg6# 1-0

[Event "November 21 Early 2023"]
[Site "https://www.chess.com"]
[Date "2023.11.21"]
[Round "5"]
[White "Bokros, Albert"]
[Black "LeoLV10"]
[Result "0-1"]
[Board "153"]
[TimeControl "180+1"]
[WhiteFideId "710458"]
[WhiteElo "2489"]
[BlackElo "2516"]
[WhiteTeam "HUN"]
[WhiteClock "0:00:06"]
[BlackClock "0:00:35"]

1. e4 c6 2. d4 d5 3. e5 c5 4. c4 Nc6 5. cxd5 Qxd5 6. Nf3 e6 7. Nc3 Qd8 8. Bg5 Qa5 9. d5 exd5 10. Qxd5 Be6 11. Qe4 Be7 12. Bb5 Rc8 13. O-O h6 14. Be3 Qb4 15. Qc2 a6 16. a3 Qg4 17. Bd3 Nd4 18. Bxd4 cxd4 19. Qa4+ b5 20. Qxd4 Qxd4 21. Nxd4 Bd7 22. Rac1 Bc5 23. Nb3 Bb6 24. Nd5 Ba7 25. Rxc8+ Bxc8 26. Rc1 Bd7 27. Nc7+ Kd8 28. Nxa6 Ne7 29. Nac5 Bc6 30. Be4 Bxe4 31. Nxe4 Ng6 32. Rd1+ Ke7 33. Rd5 Rb8 34. Nbc5 Bb6 35. Rd7+ Kf8 36. Rb7 Rd8 37. Nd7+ Ke8 38. Nxb6 Rd1# 0-1

[Event "November 21 Early 2023"]
[Site "https://www.chess.com"]
[Date "2023.11.21"]
[Round "5"]
[White "Maect19"]
[Black "Silva Lucena, Cristian"]
[Result "0-1"]
[Board "154"]
[TimeControl "180+1"]
[BlackFideId "2232588"]
[WhiteElo "2331"]
[BlackElo "2248"]
[BlackTeam "ESP"]
[WhiteClock "0:00:08"]
[BlackClock "0:01:09"]

1. d4 Nf6 2. Nf3 g6 3. c3 Bg7 4. Bg5 O-O 5. Nbd2 d5 6. e3 b6 7. Be2 c5 8. O-O Bb7 9. Ne5 Nbd7 10. f4 Ne4 11. Nxe4 dxe4 12. Nxd7 Qxd7 13. Bg4 f5 14. Be2 cxd4 15. cxd4 Rfc8 16. Rc1 Bd5 17. b3 h6 18. Bh4 Kh7 19. Qd2 a5 20. Qb2 e6 21. a4 Bf8 22. Bb5 Qd6 23. Rxc8 Rxc8 24. Be1 Qa3 25. Qxa3 Bxa3 26. h3 Bxb3 27. Bh4 Bd5 28. g4 Rc3 29. Bf2 Bc4 30. Bxc4 Rxc4 31. Rb1 Bb4 32. Kf1 Rc2 33. Kg2 Ra2 34. gxf5 gxf5 35. Rc1 Rxa4 36. Rc6 Ra2 37. Kg3 Rb2 38. Rxb6 a4 39. Rxe6 a3 40. Ra6 a2 41. d5 Rd2 42. Be1 Rd1 43. Bxb4 a1=Q 44. Rxa1 Rxa1 45. d6 Rd1 46. Kh4 Kg6 47. Bc5 Rd5 48. Bb4 Kf6 49. Kh5 Ke6 50. Kxh6 Rd3 51. Bc5 Kd5 52. Bd4 Kxd6 53. Kg5 Rxd4 54. Kxf5 Ra4 55. h4 Ke7 56. Kg6 Kf8 57. f5 Ra3 58. f6 Rxe3 59. h5 Rg3+ 60. Kh7 e3 61. h6 e2 62. Kh8 e1=Q 63. f7 Rg2 64. h7 Qc3# 0-1

[Event "November 21 Early 2023"]
[Site "https://www.chess.com"]
[Date "2023.11.21"]
[Round "5"]
[White "Kornyukov, Alexey"]
[Black "UNSTOPPABLE_LEGEND"]
[Result "0-1"]
[Board "155"]
[TimeControl "180+1"]
[WhiteFideId "4150457"]
[WhiteElo "2352"]
[BlackElo "2496"]
[WhiteTeam "RUS"]
[WhiteClock "0:00:03"]
[BlackClock "0:00:40"]

1. d4 Nf6 2. Nc3 d5 3. Bg5 Nbd7 4. Nf3 h6 5. Bh4 e6 6. e4 g5 7. e5 gxh4 8. exf6 Qxf6 9. Bd3 Rg8 10. Nb5 Qd8 11. Rg1 a6 12. Nc3 c5 13. dxc5 Nxc5 14. Qe2 b5 15. O-O-O Be7 16. Ne5 b4 17. Qh5 Rf8 18. Bg6 Bg5+ 19. Kb1 Qf6 20. Nxf7 Rxf7 21. Nxd5 exd5 22. Rge1+ Kf8 23. Rxd5 Re7 24. Rd8+ Kg7 25. Rxe7+ Qxe7 26. Re8 Qd6 27. f4 Qxg6 28. Qxg6+ Kxg6 29. fxg5 hxg5 30. Re5 0-1

[Event "November 21 Early 2023"]
[Site "https://www.chess.com"]
[Date "2023.11.21"]
[Round "5"]
[White "Kanyamarala, Trisha"]
[Black "Der_Balak_3Halak"]
[Result "1-0"]
[Board "156"]
[TimeControl "180+1"]
[WhiteFideId "45004722"]
[WhiteElo "2078"]
[BlackElo "2313"]
[WhiteTeam "IRL"]
[WhiteClock "0:00:26"]
[BlackClock "0:00:01"]

1. c4 e5 2. Nc3 Nf6 3. g3 Bb4 4. Nd5 Nxd5 5. cxd5 d6 6. Bg2 O-O 7. a3 Bc5 8. d3 f5 9. Nf3 Nd7 10. O-O Nf6 11. b4 Bb6 12. Ng5 a5 13. Qb3 axb4 14. Qxb4 Qe7 15. a4 Bc5 16. Qb3 h6 17. Ne6 Bxe6 18. dxe6 c6 19. Bb2 Rfe8 20. Rfb1 Rab8 21. Bh3 g6 22. d4 exd4 23. Qd3 Qxe6 24. Bxd4 Ne4 25. Bg2 Bxd4 26. Qxd4 Qe5 27. Qa7 Nc3 28. Re1 Nxe2+ 29. Kh1 Qd4 30. Qa5 Qxf2 31. Qb4 c5 32. Qc4+ Kh7 33. Qf7+ Kh8 34. Qf6+ Kh7 35. Qf7+ Kh8 36. Qxg6 Qe3 37. Qf6+ Kh7 38. Qxf5+ Kh8 39. Qf6+ Kh7 40. Qxd6 Qd4 41. Qc7+ Kh8 42. Rad1 Qc3 43. Rxe2 Rxe2 44. Qxb8+ Kg7 45. Qxb7+ Kf8 46. Qc8+ Re8 47. Qf5+ Kg7 48. Qd7+ Kf6 49. Qxe8 Qc2 50. Rf1+ Kg5 51. Qg8+ Kh5 52. Bf3# 1-0

[Event "November 21 Early 2023"]
[Site "https://www.chess.com"]
[Date "2023.11.21"]
[Round "5"]
[White "Kubatko, Ivan"]
[Black "IsaqueGoncalvesSanto"]
[Result "1-0"]
[Board "159"]
[TimeControl "180+1"]
[WhiteFideId "24111473"]
[WhiteElo "2285"]
[BlackElo "1931"]
[WhiteTeam "RUS"]
[WhiteClock "0:00:01"]
[BlackClock "0:00:00"]

1. e4 e6 2. d4 d5 3. exd5 exd5 4. Nf3 Bd6 5. c4 c6 6. Bd3 Ne7 7. O-O O-O 8. Nc3 Be6 9. c5 Bc7 10. b4 Bg4 11. Bxh7+ Kh8 12. Bd3 g6 13. h3 Bf5 14. Re1 Nd7 15. g4 Bxd3 16. Qxd3 Nf6 17. Bg5 Kg7 18. Re2 Neg8 19. Rae1 Qd7 20. Ne5 Bxe5 21. dxe5 Nh7 22. Bd2 Rae8 23. f4 Qe7 24. f5 Qh4 25. Kg2 gxf5 26. gxf5 Nh6 27. Bxh6+ Qxh6 28. Kh1 Kh8 29. e6 fxe6 30. fxe6 Rf6 31. e7 Rf7 32. Re6 Qg7 33. Rg1 Ng5 34. Qe3 Rf5 35. h4 Qh7 36. Qg3 Nf3 37. Rf1 Nxh4 38. Rxf5 Nxf5+ 39. Qh2 1-0

[Event "November 21 Early 2023"]
[Site "https://www.chess.com"]
[Date "2023.11.21"]
[Round "5"]
[White "campochess"]
[Black "Poormosavi, Seyed Kian"]
[Result "0-1"]
[Board "160"]
[TimeControl "180+1"]
[BlackFideId "12585807"]
[WhiteElo "2197"]
[BlackElo "2296"]
[BlackTeam "IRI"]
[WhiteClock "0:00:23"]
[BlackClock "0:01:03"]

1. e4 c6 2. Nc3 d5 3. Nf3 dxe4 4. Nxe4 Nf6 5. Ng3 c5 6. Bc4 Nc6 7. d3 e6 8. O-O Be7 9. a3 O-O 10. Re1 a6 11. Ba2 b5 12. Bf4 Bb7 13. Qd2 Re8 14. Re2 Nd5 15. Bxd5 Qxd5 16. Rae1 Rad8 17. Ne5 Nxe5 18. f3 Nxf3+ 19. gxf3 Qxf3 20. Rf2 Qg4 21. Qe2 Qg6 22. Kf1 Bf6 23. Ne4 Bxe4 24. dxe4 Bxb2 25. Rg2 Qf6 26. Rf2 Bd4 27. Be3 Qe5 28. Qf3 Rd7 29. Bf4 Qf6 30. e5 Qf5 31. Rfe2 f6 32. Qe4 Qxe4 33. Rxe4 f5 34. R4e2 Bc3 35. Rb1 Rd4 36. Bg3 Red8 37. Bf2 Rd1+ 38. Rxd1 Rxd1+ 39. Kg2 Bd4 40. Bg3 Kf7 0-1

[Event "November 21 Early 2023"]
[Site "https://www.chess.com"]
[Date "2023.11.21"]
[Round "5"]
[White "Matveeva, Olga"]
[Black "Ambartsumova, Karina"]
[Result "0-1"]
[Board "161"]
[TimeControl "180+1"]
[WhiteFideId "24107018"]
[BlackFideId "4166299"]
[WhiteElo "1883"]
[BlackElo "2240"]
[WhiteTeam "RUS"]
[BlackTeam "RUS"]
[WhiteClock "0:00:07"]
[BlackClock "0:00:36"]

1. d4 Nf6 2. c4 e6 3. g3 d5 4. Nf3 dxc4 5. Bg2 Nc6 6. Qa4 Bb4+ 7. Bd2 Bd6 8. Qxc4 O-O 9. O-O e5 10. dxe5 Nxe5 11. Nxe5 Bxe5 12. Bc3 Bxc3 13. Nxc3 c6 14. Rfd1 Qa5 15. Rd2 Be6 16. Qh4 Rad8 17. Rad1 h6 18. b4 Qc7 19. a3 a5 20. b5 Rxd2 21. Rxd2 Qb6 22. bxc6 bxc6 23. Qd4 c5 24. Qd6 Qb3 25. Ne4 Nxe4 26. Bxe4 Qxa3 27. Rd1 a4 28. Bh7+ Kxh7 29. Qxf8 Qb3 30. Qd6 c4 31. Qd4 a3 32. Qe4+ g6 33. Rd8 Qb2 34. Ra8 a2 35. Kg2 a1=Q 36. Rxa1 Qxa1 37. h4 h5 38. f3 Qf6 39. Qc6 Qd4 40. Qc7 c3 41. g4 hxg4 42. h5 gxh5 0-1

[Event "November 21 Early 2023"]
[Site "https://www.chess.com"]
[Date "2023.11.21"]
[Round "5"]
[White "vinclat"]
[Black "NelsonLinda"]
[Result "1/2-1/2"]
[Board "162"]
[TimeControl "180+1"]
[WhiteElo "2368"]
[BlackElo "2558"]
[WhiteClock "0:00:06"]
[BlackClock "0:00:10"]

1. e4 g6 2. d4 Nf6 3. Nc3 d5 4. e5 Ne4 5. Bd3 Nxc3 6. bxc3 c5 7. Nf3 Bg4 8. h3 Bxf3 9. Qxf3 e6 10. O-O c4 11. Be2 Nc6 12. g3 h5 13. h4 Be7 14. Kg2 Qd7 15. a4 Na5 16. Bf4 O-O-O 17. Rh1 Rdg8 18. Bg5 Rh7 19. Qe3 Qd8 20. Bxe7 Qxe7 21. f4 b6 22. Bf3 Rd8 23. Rhb1 Rd7 24. Rb4 Rb7 25. Qc1 Rh8 26. Qb2 Rd8 27. Qa2 Rdd7 28. Rab1 Rdc7 29. Rb5 Kd8 30. Qb2 Ke8 31. Rh1 Kd8 32. Qa2 Kc8 33. Qb2 Kb8 34. Qa2 Rd7 35. Rbb1 Rd8 36. Kf2 Rf8 37. Rbe1 Qd7 38. Rb1 Qc6 39. Qa3 Re8 40. Rb5 Ka8 41. Rhb1 Reb8 42. R5b4 Qd7 43. Rb5 Qe7 44. Qxe7 Rxe7 45. R5b4 Rf8 46. Rb5 Nc6 47. R5b2 Kb7 48. Re1 Kc7 49. Rb5 Rb8 50. Rbb1 a6 51. g4 hxg4 52. Bxg4 Rh8 53. Rh1 Ree8 54. h5 Reg8 55. hxg6 Rxh1 56. Rxh1 Rxg6 57. Bf3 Rg7 58. Rh6 Ne7 59. Rf6 Nc6 60. Bh5 Nd8 61. Rh6 Kd7 62. f5 b5 63. f6 Rg8 64. axb5 axb5 65. Rh7 Ke8 66. Rg7 Rh8 67. Bf3 Rh2+ 68. Bg2 Rh4 69. Kg3 Rh8 70. Bh3 Kf8 71. Bg4 Rh1 72. Bh3 Rg1+ 73. Bg2 Rc1 74. Rh7 Ke8 75. Rh8+ Kd7 76. Rf8 Rxc2 77. Bf3 Rxc3 78. Kf4 b4 79. Bh5 b3 80. Bxf7 b2 81. Be8+ Kc7 82. Bg6 b1=Q 83. Bxb1 Rc1 84. Bg6 c3 85. f7 c2 86. Bxc2 Rxc2 87. Rxd8 Rf2+ 88. Ke3 Rxf7 89. Ra8 Kd7 90. Ra7+ Ke8 91. Rxf7 Kxf7 92. Kf3 Kg6 93. Kg4 Kh6 94. Kh4 Kg6 95. Kg4 Kh6 96. Kh4 Kg6 97. Kg4 1/2-1/2

[Event "November 21 Early 2023"]
[Site "https://www.chess.com"]
[Date "2023.11.21"]
[Round "5"]
[White "Dmitrenko, Viktor"]
[Black "Pak, Yevgeniy"]
[Result "1-0"]
[Board "163"]
[TimeControl "180+1"]
[WhiteFideId "14110270"]
[BlackFideId "14201712"]
[WhiteElo "2292"]
[BlackElo "2320"]
[WhiteTeam "UKR"]
[BlackTeam "KAZ"]
[WhiteClock "0:00:07"]
[BlackClock "0:00:06"]

1. e4 e5 2. Nf3 Nf6 3. Nc3 Nc6 4. d4 exd4 5. Nd5 Bc5 6. Bg5 h6 7. Bxf6 gxf6 8. Bd3 d6 9. O-O Rg8 10. Kh1 Bg4 11. h3 Be6 12. Qd2 f5 13. Qxh6 fxe4 14. Nf6+ Ke7 15. Nxg8+ Qxg8 16. Bxe4 d5 17. Bd3 f6 18. Rae1 Kd7 19. Qxf6 Rf8 20. Ne5+ Nxe5 21. Qxe5 Qf7 22. f4 Qf6 23. f5 Qxe5 24. Rxe5 Bg8 25. g4 Bd6 26. Re2 c5 27. b3 a6 28. a4 c4 29. bxc4 dxc4 30. Be4 b5 31. axb5 axb5 32. g5 b4 33. f6 Be5 34. Bf5+ Kd6 35. Rfe1 Bd5+ 36. Kg1 Bf4 37. h4 Bg3 38. Re8 Rf7 39. R1e7 Rxe7 40. Rxe7 Bxh4 41. Rg7 b3 42. cxb3 cxb3 43. Bb1 b2 44. f7 Ke7 45. g6 Be4 46. Rg8 Bxg6 47. f8=Q+ Ke6 48. Bxg6 b1=Q+ 49. Bxb1 Ke5 50. Qf5+ Kd6 51. Rg6+ Kc7 52. Qf7+ Kd8 53. Rg8# 1-0

[Event "November 21 Early 2023"]
[Site "https://www.chess.com"]
[Date "2023.11.21"]
[Round "5"]
[White "Matthes, Aaron"]
[Black "Dilmukhametov, Artur"]
[Result "1-0"]
[Board "164"]
[TimeControl "180+1"]
[WhiteFideId "16227310"]
[BlackFideId "24179922"]
[WhiteElo "2344"]
[BlackElo "2176"]
[WhiteTeam "GER"]
[BlackTeam "RUS"]
[WhiteClock "0:01:36"]
[BlackClock "0:01:18"]

1. g3 c6 2. Bg2 d5 3. d4 Nf6 4. Nf3 g6 5. O-O Bg7 6. b3 e6 7. Bb2 O-O 8. c4 dxc4 9. bxc4 Qc7 10. Nc3 Rd8 11. Qc2 Nbd7 12. Rfd1 Nb6 13. Ne5 Nfd7 14. Nxd7 Bxd7 15. Ne4 e5 16. dxe5 Bxe5 17. Nf6+ Bxf6 18. Bxf6 Bf5 19. e4 Rxd1+ 20. Rxd1 Be6 21. Qd2 Nxc4 22. Qh6 1-0

[Event "November 21 Early 2023"]
[Site "https://www.chess.com"]
[Date "2023.11.21"]
[Round "5"]
[White "Tologon tegin, Semetei"]
[Black "Marin Pincheira, Carlos"]
[Result "1-0"]
[Board "165"]
[TimeControl "180+1"]
[WhiteFideId "13800574"]
[BlackFideId "3407543"]
[WhiteElo "2258"]
[BlackElo "2080"]
[WhiteTeam "KGZ"]
[BlackTeam "CHI"]
[WhiteClock "0:01:35"]
[BlackClock "0:00:00"]

1. b3 e5 2. Bb2 Nc6 3. g3 d5 4. Bg2 Nf6 5. c4 d4 6. e3 Bc5 7. Nf3 a5 8. a3 O-O 9. O-O Bg4 10. h3 Bh5 11. g4 Bg6 12. exd4 exd4 13. d3 Qd6 14. Nh4 Ne5 15. Nxg6 fxg6 16. f4 Nc6 17. Nd2 Rae8 18. g5 Nh5 19. Ne4 Qe7 20. f5 gxf5 21. Qxh5 fxe4 22. Bxe4 g6 23. Qg4 Ne5 24. Qg2 Nf7 25. h4 c6 26. b4 Bd6 27. Bxd4 Be5 28. Bc5 Bd6 29. Bd4 Be5 30. Bxe5 Nxe5 31. bxa5 Qd6 32. Kh1 Qd4 33. Rxf8+ 1-0

[Event "November 21 Early 2023"]
[Site "https://www.chess.com"]
[Date "2023.11.21"]
[Round "5"]
[White "Jeet, Jain"]
[Black "Fernandez Siles, Luis"]
[Result "1-0"]
[Board "166"]
[TimeControl "180+1"]
[WhiteFideId "5073022"]
[BlackFideId "2209420"]
[WhiteElo "2067"]
[BlackElo "2195"]
[WhiteTeam "IND"]
[BlackTeam "ESP"]
[WhiteClock "0:00:11"]
[BlackClock "0:00:00"]

1. c4 Nf6 2. Nc3 g6 3. g3 Bg7 4. Bg2 O-O 5. Nf3 d6 6. O-O c6 7. b3 Bf5 8. Bb2 Ne4 9. Nh4 Nxc3 10. Bxc3 Bg4 11. Bxg7 Kxg7 12. h3 Bc8 13. d4 e5 14. e4 Qf6 15. dxe5 dxe5 16. f4 exf4 17. Rxf4 Qe5 18. Nf3 Qc5+ 19. Qd4+ Qxd4+ 20. Nxd4 Nd7 21. Raf1 Ne5 22. Nf3 Nd3 23. Rh4 Be6 24. Ng5 h6 25. Nxe6+ fxe6 26. Rd1 Rad8 27. e5 Nxe5 28. Rhd4 Rxd4 29. Rxd4 Kf6 30. Rf4+ Ke7 31. Re4 Kd6 32. Rd4+ Kc5 33. Rh4 h5 34. Re4 Rf5 35. h4 a5 36. Bh3 Nf3+ 37. Kg2 Rf6 38. Bxe6 Nd2 39. Re2 Nb1 40. Bc8 b6 41. Rc2 Kb4 42. Bd7 Nc3 43. Be8 Nd1 44. Rd2 Ne3+ 45. Kh3 Kc3 46. Rh2 Rf1 47. Bxg6 Ng4 48. Bxh5 Nxh2 49. Kxh2 Kb2 50. g4 Kxa2 51. g5 Kxb3 52. g6 Rf8 53. Bg4 a4 54. h5 a3 55. c5 Rf6 56. g7 a2 57. g8=Q+ 1-0

[Event "November 21 Early 2023"]
[Site "https://www.chess.com"]
[Date "2023.11.21"]
[Round "5"]
[White "Herman, Matthew"]
[Black "Umarov, Sabir"]
[Result "1-0"]
[Board "167"]
[TimeControl "180+1"]
[WhiteFideId "2028964"]
[BlackFideId "14200538"]
[WhiteElo "2368"]
[BlackElo "2327"]
[WhiteTeam "USA"]
[BlackTeam "UZB"]
[WhiteClock "0:00:08"]
[BlackClock "0:00:00"]

1. e4 g6 2. d4 Bg7 3. Nc3 c6 4. Bc4 d5 5. exd5 b5 6. Bb3 b4 7. Na4 cxd5 8. a3 bxa3 9. Rxa3 Nf6 10. Bg5 O-O 11. Bxf6 Bxf6 12. h3 Nc6 13. Nf3 Ba6 14. Nc5 Bb5 15. Ba4 Qb6 16. c3 Rfd8 17. Bxb5 Qxb5 18. Nd3 Na5 19. O-O Nc4 20. Ra2 a5 21. Qc2 Rdb8 22. Rfa1 e6 23. h4 h5 24. g3 Kg7 25. Kg2 a4 26. Rxa4 Rxa4 27. Rxa4 Nxb2 28. Rb4 Qxd3 29. Qxd3 Nxd3 30. Rxb8 e5 31. Rb5 exd4 32. cxd4 Be7 33. Rxd5 Nb4 34. Rd7 Kf6 35. d5 Nd3 36. Kf1 Bc5 37. Ng5 Ne5 38. Ne4+ 1-0

[Event "November 21 Early 2023"]
[Site "https://www.chess.com"]
[Date "2023.11.21"]
[Round "5"]
[White "Mikhailova, Irina"]
[Black "Kovacsy, Barnabas"]
[Result "1/2-1/2"]
[Board "168"]
[TimeControl "180+1"]
[WhiteFideId "4109040"]
[BlackFideId "769290"]
[WhiteElo "2009"]
[BlackElo "2130"]
[WhiteTeam "RUS"]
[BlackTeam "HUN"]
[WhiteClock "0:00:32"]
[BlackClock "0:00:37"]

1. d4 Nf6 2. Nf3 g6 3. c4 Bg7 4. Nc3 d5 5. cxd5 Nxd5 6. e4 Nxc3 7. bxc3 c5 8. Bb5+ Nc6 9. Bxc6+ bxc6 10. O-O cxd4 11. cxd4 O-O 12. Qc2 Bg4 13. Ne5 Bd7 14. Ba3 Rb8 15. Bc5 Qc7 16. Rad1 Bxe5 17. dxe5 Be6 18. f4 Bg4 19. Rb1 Rxb1 20. Rxb1 Rd8 21. h3 Bc8 22. Rd1 Rxd1+ 23. Qxd1 Be6 24. a3 a5 25. Qd4 Qd7 26. Qxd7 Bxd7 27. Bxe7 h5 28. Kf2 a4 29. Ke3 Be6 30. Kd4 Bb3 31. f5 Bc2 32. f6 Bb3 33. g4 hxg4 34. hxg4 Be6 35. g5 Bb3 36. Kc5 Bc2 37. Kxc6 Bxe4+ 38. Kd6 Bf5 39. Kc5 Be6 40. Kc6 Bb3 41. Kd7 Be6+ 42. Kd8 Bb3 43. Kc7 Be6 44. Kb6 Bb3 45. Kb5 Bc2 46. Kb4 Bb3 47. Kc3 Be6 48. Kd4 Bb3 49. Kc5 Be6 50. Kb5 Bb3 51. Kb4 Bc2 52. Kc5 Bb3 53. Kd6 Be6 54. Kc7 Bb3 55. Bb4 Be6 56. Kd6 Bb3 57. Kc5 Be6 58. Kb5 Bb3 59. Ka5 Bc2 60. Bc5 Bb3 61. Kb4 Bc2 62. Kc3 Bb3 63. Kb4 Bc2 64. Ka5 Bb3 65. Bd6 Bc2 66. Kb4 Bb3 67. Kc3 Be6 68. Kd4 Bb3 69. Kc5 Be6 70. Kb4 Bb3 71. Kc5 Be6 1/2-1/2

[Event "November 21 Early 2023"]
[Site "https://www.chess.com"]
[Date "2023.11.21"]
[Round "5"]
[White "Grochal, Joey"]
[Black "Shapiro, Daniel"]
[Result "1-0"]
[Board "169"]
[TimeControl "180+1"]
[WhiteFideId "1019945"]
[BlackFideId "2001780"]
[WhiteElo "2231"]
[BlackElo "2324"]
[WhiteTeam "NED"]
[BlackTeam "USA"]
[WhiteClock "0:02:16"]
[BlackClock "0:00:34"]

1. e4 c5 2. Nf3 d6 3. d4 cxd4 4. Nxd4 Nf6 5. Nc3 Nc6 6. Be2 e6 7. Be3 a6 8. O-O Qc7 9. a4 Bd7 10. f4 b6 11. Bf3 Rb8 12. Kh1 Be7 13. Qe1 O-O 14. Qg3 Na5 15. f5 Nc4 16. Bh6 Ne8 17. fxe6 fxe6 18. Bg4 gxh6 19. Bxe6+ Kh8 20. Rxf8+ 1-0

[Event "November 21 Early 2023"]
[Site "https://www.chess.com"]
[Date "2023.11.21"]
[Round "5"]
[White "Viskelis, Darius"]
[Black "Toktomushev, Teimur"]
[Result "1-0"]
[Board "170"]
[TimeControl "180+1"]
[WhiteFideId "12800830"]
[BlackFideId "14176726"]
[WhiteElo "1859"]
[BlackElo "2198"]
[WhiteTeam "LTU"]
[BlackTeam "UKR"]
[WhiteClock "0:00:38"]
[BlackClock "0:00:00"]

1. e4 c5 2. Nf3 e6 3. c3 d5 4. e5 d4 5. Bd3 Bd7 6. O-O Bc6 7. Re1 Ne7 8. Be4 Ng6 9. d3 h6 10. Bxg6 fxg6 11. Nbd2 dxc3 12. Nc4 cxb2 13. Bxb2 Be7 14. d4 O-O 15. Qb3 Bxf3 16. gxf3 Nc6 17. Nd6 Bxd6 18. Qxe6+ Kh7 19. exd6 Nxd4 20. Bxd4 cxd4 21. Rad1 Qg5+ 22. Qg4 Qd5 23. Rxd4 Qxa2 24. Re6 Qb1+ 25. Kg2 Rad8 26. d7 g5 27. Rdd6 Qf5 28. Qh5 Qf7 29. Rxh6+ gxh6 30. Qxh6+ Kg8 31. Rg6+ Qxg6 32. Qxg6+ Kh8 33. Qh6+ Kg8 34. Qxg5+ Kf7 35. Qd5+ Ke7 36. Qe4+ Kxd7 37. Qxb7+ Ke6 38. Qa6+ Ke7 39. Qxa7+ Rd7 40. Qc5+ Ke8 41. Qc8+ Ke7 42. Qc5+ Ke8 43. h4 Rg8+ 44. Kf1 Rd1+ 45. Ke2 Rgg1 46. f4 Rge1+ 47. Kf3 Rd3+ 48. Kg2 Rd7 49. Qc8+ Ke7 50. Qc5+ Rd6 51. Qc7+ Rd7 52. Qc5+ Rd6 53. Qg5+ Rf6 54. f5 Re5 55. Qg7+ 1-0